 Dungeon Crawl Stone Soup version 0.30.1-11-g7821555f0a (webtiles) character file.

Game seed: 2808287414385333712

48 Okkudo the Chopper (level 3, -2/33 HPs)
             Began as a Hill Orc Monk on Dec 4, 2023.
             Killed by nerve-wracking pain
             ... invoked by Grinder
              (6 damage)
             ... while paralysed by Grinder
             ... on level 3 of the Dungeon.
             The game lasted 00:05:08 (1998 turns).

Okkudo the Chopper (Hill Orc Monk)                  Turns: 1998, Time: 00:05:09

Health: -2/33      AC:  5    Str: 15    XL:     3   Next: 72%
Magic:  3/3        EV:  2    Int: 10    God:
Gold:   125        SH:  0    Dex: 13    Spells: 2/2 levels left

rFire   . . .        a - +0 hand axe
rCold   . . .        d - orb {light}
rNeg    . . .        f - +0 ring mail
rPois   .            (no helmet)
rElec   .            (no cloak)
rCorr   .            (no gloves)
SInv    .            (no boots)
Will    .....        (no amulet)
Stlth   +            (no ring)
HPRegen 0.25/turn    (no ring)
MPRegen 0.08/turn

%: no passive effects
@: paralysed, glowing
A: no striking features
a: no special abilities


You were on level 3 of the Dungeon.
You visited 1 branch of the dungeon, and saw 3 of its levels.

You collected 125 gold pieces.

Inventory:

Hand Weapons
 a - a +0 hand axe (weapon)
Armour
 d - an orb of light (worn)
 f - a +0 ring mail (worn)
Scrolls
 h - a scroll of magic mapping {unknown}
 i - a scroll of identify {unknown}
 l - a scroll of fear {unknown}
 m - a scroll of brand weapon {unknown}
 n - a scroll of enchant weapon {unknown}
Potions
 b - a potion of curing {unknown}
 e - 2 potions of lignification {unknown}
 j - 2 potions of brilliance {unknown}
 k - a potion of cancellation {unknown}


   Skills:
 - Level 4.1 Fighting
 * Level 5.4 Axes
 - Level 2.6 Dodging


You had 2 spell levels left.
You didn't know any spells.
Your spell library contained the following spells:

 Spells                   Type           Power      Damage    Failure   Level
 Summon Guardian Golem    Hex/Summ       0%         N/A       92%         3
 Orb of Destruction       Conj           0%         9d5       100%        7
 Spellforged Servitor     Conj/Summ      0%         N/A       100%        7


Dungeon Overview and Level Annotations

Branches:
Dungeon (3/15)

Altars:

Shops:
D:1 :

Annotations:
D:3 Grinder


Message History

You hit Grinder.
Grinder is lightly wounded.
Grinder struggles against the net.
You hit Grinder.
Grinder is moderately wounded.
Grinder struggles against the net.
The net rips apart, and Grinder comes free!
You barely miss Grinder.
Grinder is moderately wounded.
Grinder hits you!
You writhe in agony.
You hit Grinder.
Grinder is moderately wounded.
Grinder hits you.
You writhe in agony.
You hit Grinder.
Grinder is moderately wounded.
Grinder blinks!
Grinder says, "Wait up."
Grinder gestures at you.
You suddenly lose the ability to move!
Grinder barely misses you. Grinder hits you!
You writhe in agony.
* * * LOW HITPOINT WARNING * * *
You can move again.
You see here a poisoned dart.
You hit Grinder but do no damage.
Grinder is moderately wounded.
Grinder hits you but does no damage.
You barely miss Grinder.
Grinder is moderately wounded.
Grinder hits you.
* * * LOW HITPOINT WARNING * * *
You slash Grinder!
Grinder is heavily wounded.
Grinder says, "Tell me all your secrets, or I'll kill you."
Grinder gestures at you.
You suddenly lose the ability to move!
Grinder hits you but does no damage. Grinder gestures at you.
Pain shoots through your body!
You die...

..........# #..
......##### ##.. ......#
#.. ......## #.#
...##..####### #.# ..
.#####.......###.# ....
...# #######..##.###...##
.#.##### ##............
.#.....# #####@......##
.#####.#####....5.#.?#...
.. #..(##.<###.##......
#. #......## #(# #.... .
#...#### ... ...# #...#
... ^.. ##### #..[ .ยง
...##


You could see Grinder.

Vanquished Creatures
  2 worms
  3 endoplasms
  3 giant cockroaches
  8 goblins
  4 hobgoblins
  A quokka (D:1)
  4 ball pythons
  5 bats
  2 frilled lizards (D:1)
  2 kobolds (D:2)
  6 rats
40 creatures vanquished.

Notes
Turn   | Place    | Note
-------+----------+-------------------------------------------
     0 | D:1      | Okkudo the Hill Orc Monk began the quest for the Orb.
     0 | D:1      | Reached XP level 1. HP: 19/19 MP: 1/1
    66 | D:1      | Found Gezyllon's Book Boutique.
   178 | D:1      | Found a faded altar of an unknown god.
   231 | D:1      | Reached XP level 2. HP: 22/27 MP: 2/2
   986 | D:2      | Reached XP level 3. HP: 33/33 MP: 3/3
  1205 | D:2      | Reached skill level 5 in Axes
  1973 | D:3      | Noticed Grinder
  1990 | D:3      | Paralysed by Grinder for 4 turns
  1996 | D:3      | Paralysed by Grinder for 4 turns
  1998 | D:3      | Killed from afar by Grinder

Illustrated notes

Levels and vault maps discovered:
D:1:      beargit_arrival_diablo_church, layout_loops_corners,
          hellmonk_ecumenical_altar_inner_sanctum, serial_shops, shop,
          minmay_hedge_maze
D:2:      layout_loops_corners
D:3:      layout_rooms, overflow_temple_1_default,
          nicolae_overflow_crystal_walls, beargit_hepliaklqana_dungeon_heroes,
          uniq_natasha, uniq_sigmund, uniq_grinder

Skill      XL: |  1  2  3 |
---------------+----------+-----
Fighting       | 4 |  4.1
Axes           | 5 |  5.4
Dodging        | |  2.6

Action                     || total
---------------------------++-------
  Melee: Hand axe          ||   106
  Throw: Dart              ||     3
         Throwing net      ||     1
    Use: Potion            ||     1
 Armour: Robe              ||     2
         Ring mail         ||    21
  Dodge: Dodged            ||    44
